Map: Arctic Dream LE

Players

qqq

  • Race: Protoss Protoss
  • League: Platinum
  • Spawn Location: 11:00

Massa

  • Race: Terran Terran
  • League: Platinum
  • Spawn Location: 12:00

DioR - Winner!

  • Race: Protoss Protoss
  • League: Diamond
  • Spawn Location: 5:00

ramleren - Winner!

  • Race: Terran Terran
  • League: Diamond
  • Spawn Location: 6:00

VOD

Have the link to the VOD?

Description

Time

  • Played on: Dec. 14, 2020, 6:51 a.m.
  • Length: 19:51
Show
View Real Time Build Order
Export as new Build Order

qqq Protoss 

Build Orders: Carriers 

Get SALT Encoding   

  12  0:09  Probe  
  13  0:15  Pylon  
  14  0:21  Probe  
  14  0:33  Probe  
  15  0:37  Forge  
  15  0:45  Probe  
  16  1:01  Pylon  
  16  1:07  Pylon  
  16  1:24  Photon Cannon  
  14  1:54  Gateway  
  14  1:55  Probe  
  15  2:04  Nexus  
  15  2:07  Probe  
  16  2:09  Assimilator  
  16  2:13  Assimilator  
  16  2:19  Probe  
  17  2:31  Probe  
  18  2:44  Probe (Chrono Boost)  
  19  2:56  Probe (Chrono Boost)  
  19  2:58  Cybernetics Core  
  20  3:03  Probe (Chrono Boost)  
  21  3:11  Probe  
  22  3:19  Probe  
  23  3:23  Probe (Chrono Boost)  
  25  3:34  Stargate  
  25  3:35  Probe (Chrono Boost)  
  25  3:37  Probe (Chrono Boost)  
  26  3:45  Probe x2 (Chrono Boost)  
  26  3:48  Stargate  
  28  3:56  Probe  
  29  4:05  Probe  
  29  4:08  Probe  
  31  4:11  Assimilator  
  31  4:13  Protoss Air Weapons Level 1 (Chrono Boost)  
  31  4:18  Probe, Phoenix (Chrono Boost)  
  31  4:20  Probe  
  35  4:30  Probe  
  38  4:32  Pylon  
  38  4:33  Phoenix (Chrono Boost)  
  38  4:35  Assimilator  
  38  4:50  Probe x2, Pylon  
  38  4:52  Phoenix  
  42  4:54  Pylon  
  42  4:58  Phoenix  
  44  5:02  Probe x2  
  46  5:09  Photon Cannon  
  46  5:14  Probe x2  
  46  5:20  Photon Cannon  
  48  5:23  Phoenix  
  48  5:26  Probe  
  47  5:47  Phoenix (Chrono Boost)  
  47  5:48  Phoenix (Chrono Boost)  
  47  5:57  Probe x2  
  47  5:58  Photon Cannon  
  47  6:04  Phoenix x2 (Chrono Boost)  
  53  6:19  Probe  
  53  6:23  Protoss Air Armor Level 1 (Chrono Boost)  
  54  6:28  Phoenix  
  56  6:38  Fleet Beacon  
  56  6:39  Phoenix, Nexus  
  58  6:44  Pylon  
  58  6:49  Pylon  
  49  7:02  Phoenix  
  49  7:04  Phoenix  
  44  7:17  Probe  
  44  7:26  Anion Pulse-Crystals (Chrono Boost)  
  44  7:27  Phoenix  
  44  7:28  Phoenix  
  44  7:29  Probe  
  49  7:40  Pylon  
  49  7:41  Probe  
  49  7:42  Pylon  
  50  7:52  Tempest  
  50  7:54  Probe (Chrono Boost)  
  57  7:59  Probe (Chrono Boost)  
  57  8:00  Phoenix  
  57  8:04  Probe (Chrono Boost)  
  60  8:08  Photon Cannon  
  60  8:09  Probe (Chrono Boost)  
  60  8:11  Photon Cannon  
  61  8:20  Probe  
  61  8:25  Carrier  
  68  8:30  Assimilator  
  68  8:32  Probe  
  68  8:33  Assimilator  
  69  8:45  Probe  
  70  8:51  Protoss Air Weapons Level 2 (Chrono Boost)  
  70  8:57  Probe  
  70  8:59  Carrier  
  77  9:08  Robotics Facility  
  77  9:09  Probe  
  78  9:21  Probe  
  79  9:29  Tempest  
  84  9:33  Probe  
  85  9:40  Nexus  
  85  9:45  Probe  
  85  9:57  Probe  
  85  10:00  Carrier (Chrono Boost)  
  81  10:09  Probe  
  88  10:15  Observer  
  88  10:19  Carrier (Chrono Boost)  
  83  10:51  Probe  
  84  10:57  Tempest  
  84  11:04  Probe  
  90  11:16  Probe, Tempest  
  93  11:28  Probe  
  93  11:31  Stargate  
  93  11:32  Stargate  
  94  11:36  Stargate  
  94  11:39  Tempest  
  94  11:40  Probe  
  94  11:45  Protoss Air Armor Level 2 (Chrono Boost)  
  88  11:59  Carrier  
  88  12:02  Mothership (Chrono Boost)  
  88  12:08  Observer  
  97  12:14  Tempest  
  86  12:53  Tempest, Carrier x2  
  103  13:03  Tempest  
  97  13:12  Tempest  
  101  13:40  Carrier  
  102  13:42  Probe  
  102  13:46  Carrier  
  103  13:54  Probe, Tempest  
  109  14:20  Tempest, Probe  
  109  14:22  Pylon  
  107  14:25  Pylon  
  107  14:27  Pylon  
  107  14:29  Pylon  
  107  14:31  Pylon  
  107  14:32  Probe  
  108  14:42  Carrier  
  108  14:43  Carrier  
  108  14:44  Tempest  
  120  15:04  Tempest x2  
  120  15:05  Probe  
  119  15:10  Photon Cannon  
  119  15:12  Photon Cannon  
  119  15:15  Photon Cannon  
  119  15:17  Probe, Photon Cannon  
  120  15:21  Photon Cannon, Zealot  
  122  15:29  Probe, Twilight Council  
  122  15:34  Observer  
  124  15:48  Zealot  
  124  15:49  Nexus  
  126  15:53  Tempest  
  126  15:56  Observer  
  132  16:16  Zealot  
  140  16:33  Carrier x2  
  146  16:43  Zealot  
  148  17:01  Nexus  
  143  17:02  Pylon  
  137  17:14  Tempest x2  
  124  17:30  Tempest  
  124  17:36  Tempest  
  123  17:45  Zealot  
  123  17:46  Observer  
  123  17:47  Tempest  
  129  17:56  Probe  
  130  18:01  Photon Cannon  
  130  18:06  Void Ray  
  130  18:08  Probe  
  130  18:12  Zealot  
  137  18:20  Probe  
  138  18:32  Probe  
  139  18:39  Zealot  
  134  18:43  Immortal  
  134  18:44  Probe, Carrier  
  128  19:06  Zealot  
  114  19:28  Probe x2  
Show
View Real Time Build Order
Export as new Build Order

Massa Terran 

Build Orders: Reaper Expand 

Get SALT Encoding   

  12  0:02  SCV  
  13  0:14  SCV  
  13  0:19  Supply Depot  
  14  0:26  SCV  
  15  0:40  SCV  
  15  0:42  Barracks  
  16  0:46  Refinery  
  16  0:52  SCV  
  17  1:04  SCV  
  18  1:17  SCV  
  19  1:29  Reaper  
  19  1:31  Orbital Command  
  20  1:41  Command Center  
  20  1:57  SCV  
  20  2:01  Refinery, Reaper  
  21  2:06  Supply Depot  
  22  2:09  SCV  
  23  2:22  Engineering Bay  
  23  2:27  SCV  
  24  2:37  Command Center  
  24  2:48  SCV  
  24  2:50  Barracks Tech Lab  
  25  2:54  Factory  
  25  3:00  SCV  
  26  3:09  Orbital Command  
  26  3:12  SCV  
  27  3:20  Barracks  
  27  3:22  Stimpack  
  27  3:23  Marine  
  27  3:24  SCV  
  29  4:02  Factory Tech Lab  
  27  4:04  Orbital Command  
  27  4:05  SCV x2  
  29  4:17  SCV x2, Supply Depot  
  29  4:21  Starport  
  31  4:25  Barracks  
  31  4:27  Marine  
  31  4:28  Marauder  
  31  4:29  SCV  
  31  4:30  SCV  
  36  4:31  Siege Tank  
  39  4:40  Terran Infantry Weapons Level 1  
  39  4:45  Armory  
  39  4:50  Barracks, Marauder  
  39  4:52  Barracks  
  41  4:55  Barracks Reactor  
  41  4:58  SCV x2  
  41  4:59  SCV  
  44  5:01  Refinery  
  44  5:04  Refinery  
  44  5:10  SCV  
  44  5:11  SCV x2, Combat Shield  
  47  5:22  SCV  
  47  5:23  SCV  
  47  5:26  Marine  
  47  5:27  Marine  
  50  5:32  Missile Turret  
  46  5:38  Missile Turret  
  44  5:44  Marine  
  44  5:45  Marine  
  44  5:47  Missile Turret  
  44  5:50  Marine  
  44  5:51  Marine  
  44  6:02  Marine  
  44  6:03  Widow Mine, Marine  
  48  6:08  Marine x2  
  50  6:15  SCV x3  
  50  6:16  Missile Turret  
  53  6:20  Marine x2  
  53  6:23  Medivac  
  53  6:24  Widow Mine  
  59  6:26  Drilling Claws  
  59  6:27  SCV x2  
  59  6:28  SCV  
  62  6:35  Terran Infantry Armor Level 1  
  62  6:39  SCV, Engineering Bay  
  64  6:40  SCV x2  
  65  6:52  SCV x2  
  67  6:54  Orbital Command  
  67  7:04  SCV x2  
  69  7:09  Barracks Reactor, Barracks Tech Lab  
  69  7:15  Terran Infantry Weapons Level 2  
  69  7:19  Barracks Reactor  
  69  7:22  Supply Depot  
  69  7:25  Marine x2  
  69  7:37  Supply Depot x2  
  69  7:38  Supply Depot  
  69  7:39  Missile Turret, Supply Depot  
  69  7:43  Widow Mine, SCV x3, Marauder, Marine  
  77  7:58  SCV x3, Marine, Medivac  
  77  8:01  Marine  
  77  8:05  Widow Mine, Marauder  
  88  8:06  Missile Turret x2  
  88  8:10  SCV x3  
  88  8:11  Sensor Tower  
  91  8:18  Marauder  
  91  8:19  Marine x2  
  94  8:20  Marine x4  
  94  8:23  SCV  
  94  8:26  Marauder, Siege Tank  
  105  8:27  SCV x2  
  107  8:35  SCV  
  107  8:37  Marine  
  107  8:39  Barracks  
  107  8:40  Barracks  
  109  8:53  Marine x3, Medivac  
  109  8:54  SCV, Marauder, Supply Depot x3  
  117  9:06  Concussive Shells  
  117  9:12  Supply Depot  
  117  9:14  Supply Depot  
  117  9:15  Terran Infantry Armor Level 2, SCV, Marine x5, Siege Tank  
  117  9:16  SCV, Marauder x2  
  131  9:19  Terran Vehicle Weapons Level 1  
  131  9:27  Marine x3  
  134  9:33  Refinery, Marine x5  
  134  9:36  Refinery  
  134  9:37  Marauder x2, Medivac  
  145  9:39  Supply Depot  
  145  9:40  Supply Depot  
  145  9:45  Marine, Supply Depot  
  146  9:47  Supply Depot  
  146  9:48  Siege Tank  
  149  9:58  Marauder  
  151  10:07  Medivac  
  151  10:11  Supply Depot  
  145  10:31  Starport  
  145  10:37  Liberator  
  148  10:43  Marine x10  
  156  11:00  Marine  
  156  11:01  Marine x7  
  156  11:02  Marauder x2  
  163  11:09  Siege Tank  
  159  11:18  Starport Reactor  
  159  11:20  Liberator  
  159  11:23  Marauder x2  
  159  11:24  Marine x5  
  171  11:41  Siege Tank  
  171  11:43  Terran Infantry Weapons Level 3, Terran Infantry Armor Level 3  
  171  11:45  Marauder x2  
  171  12:03  Missile Turret  
  171  12:05  Missile Turret  
  171  12:06  Marauder x2  
  171  12:07  Missile Turret  
  169  12:13  Siege Tank  
  148  12:45  Marauder, Siege Tank  
  148  12:46  Marauder, Marine x8  
  146  13:04  Marine x3  
  141  13:07  Marauder x2  
  137  13:24  Marine  
  137  13:25  Marine x6  
  137  13:26  Siege Tank  
  147  13:28  Marauder  
  147  13:29  Marauder  
  139  13:44  Command Center  
  126  13:50  Marauder x2  
  110  13:58  Siege Tank  
  111  14:11  Marauder x2  
  111  14:13  Marine  
  116  14:21  Marine x7  
  120  14:30  Siege Tank  
  123  14:31  Marine  
  123  14:32  Marauder  
  123  14:33  Marauder  
  123  14:34  Medivac x3  
  123  14:37  SCV x3  
  137  14:39  Marine x7  
  144  14:49  SCV x2, Marine  
  147  14:54  Marauder, Marine  
  147  14:56  Marine  
  147  14:57  Marine x3  
  154  15:02  Siege Tank  
  154  15:04  Marine, Medivac x3  
  154  15:05  Marine x2  
  146  15:07  Marine  
  146  15:12  Marauder  
  149  15:14  Marine  
  149  15:15  Marauder, Marine x2  
  149  15:17  Planetary Fortress  
  149  15:19  SCV x3  
  157  15:29  Command Center  
  157  15:31  SCV  
  157  15:33  Marauder  
  157  15:34  Medivac x2  
  164  15:37  Marauder  
  161  15:54  Marine  
  161  15:55  Marauder, Marine x7  
  171  15:58  Marauder  
  173  16:07  Missile Turret  
  173  16:08  Missile Turret  
  173  16:10  Missile Turret  
  173  16:12  Marine  
  173  16:13  Siege Tank  
  173  16:14  Marine x7  
  173  16:16  Marauder  
  186  16:19  Marauder  
  188  16:30  Marine  
  188  16:31  Marine  
  188  16:32  Marine x3, Missile Turret  
  185  16:36  Marine  
  185  16:38  Marauder, Medivac x3  
  172  16:41  Marauder  
  173  16:53  Missile Turret  
  159  16:55  Marine x3  
  159  16:59  Marauder  
  164  17:02  Marauder  
  166  17:08  Medivac x2  
  166  17:14  Missile Turret  
  170  17:20  Marauder  
  162  17:23  Marauder  
  162  17:29  Marine  
  162  17:30  Marine x5  
  162  17:42  Marauder  
  147  17:45  Marauder  
  147  17:50  Marine x2  
  141  17:51  Planetary Fortress  
  141  17:54  SCV x3  
  141  17:55  SCV  
  145  18:01  Marine  
  145  18:02  Barracks Reactor, Barracks Tech Lab, Marine x2  
  145  18:03  Marauder, Marine  
  151  18:06  SCV x2, Marauder  
  151  18:08  Marine x2  
  157  18:17  Siege Tank  
  157  18:19  Marine x3  
  161  18:20  Marine  
  161  18:22  SCV x4  
  161  18:25  Marauder  
  161  18:26  Refinery  
  170  18:28  Marauder  
  170  18:34  SCV x3  
  174  18:37  Refinery  
  175  18:46  Marauder  
  175  18:49  Marauder, Siege Tank  
  173  18:57  Marauder, Marine  
  161  19:09  Marine x5  
  143  19:10  Marine x4  
  143  19:15  Marine  
  149  19:18  Marine  
  143  19:27  Marine x7  
  136  19:39  Command Center  
Show
View Real Time Build Order
Export as new Build Order

DioR Protoss - Winner!

Build Orders: Phoenix Opening, Carriers, Mass Phoenix 

Get SALT Encoding   

  12  0:01  Probe  
  13  0:13  Probe  
  14  0:17  Pylon  
  14  0:25  Probe  
  15  0:36  Gateway  
  15  0:40  Probe  
  16  0:44  Assimilator  
  16  0:54  Probe  
  17  1:14  Pylon  
  17  1:29  Probe  
  18  1:36  Cybernetics Core  
  18  1:42  Probe  
  18  1:44  Forge  
  19  1:53  Assimilator  
  19  1:56  Probe  
  20  2:08  Probe  
  21  2:16  Stargate  
  21  2:18  Zealot  
  21  2:21  Probe  
  24  2:26  Warp Gate  
  24  2:32  Pylon  
  24  2:37  Probe  
  25  2:46  Stalker  
  27  2:54  Nexus  
  27  3:00  Phoenix (Chrono Boost)  
  27  3:04  Probe  
  30  3:16  Probe, Phoenix (Chrono Boost)  
  33  3:28  Probe  
  34  3:38  Phoenix (Chrono Boost)  
  34  3:40  Probe, Pylon  
  37  3:53  Probe  
  38  3:57  Phoenix (Chrono Boost)  
  38  4:02  Assimilator  
  40  4:05  Probe  
  41  4:13  Phoenix (Chrono Boost)  
  43  4:17  Probe  
  43  4:18  Pylon  
  43  4:21  Probe  
  45  4:29  Probe (Chrono Boost)  
  46  4:33  Probe (Chrono Boost)  
  46  4:34  Gateway  
  47  4:40  Phoenix (Chrono Boost)  
  47  4:41  Probe (Chrono Boost)  
  51  4:45  Probe (Chrono Boost)  
  51  4:46  Probe (Chrono Boost)  
  52  4:52  Probe  
  52  4:55  Probe  
  52  4:57  Phoenix  
  56  5:05  Probe  
  56  5:06  Twilight Council  
  57  5:09  Probe  
  58  5:16  Pylon  
  58  5:17  Probe  
  58  5:21  Probe  
  60  5:22  Phoenix  
  60  5:59  Phoenix (Chrono Boost)  
  60  6:00  Charge  
  62  6:07  Gateway  
  62  6:09  Gateway x2  
  62  6:10  Assimilator  
  62  6:12  Gateway  
  62  6:16  Gateway  
  62  6:18  Pylon  
  62  6:21  Pylon  
  62  6:23  Phoenix (Chrono Boost)  
  64  6:28  Nexus  
  64  6:34  Shield Battery  
  64  6:36  Shield Battery  
  64  6:41  Probe x2  
  64  6:43  Phoenix  
  68  6:47  Forge  
  60  7:18  Phoenix  
  60  7:27  Probe x2, Stargate  
  60  7:29  Stargate  
  60  7:31  Fleet Beacon  
  60  7:39  Protoss Ground Weapons Level 1  
  60  7:41  Probe x2  
  60  7:43  Probe, Phoenix (Chrono Boost)  
  65  7:47  Pylon  
  65  7:53  Probe  
  65  7:54  Probe  
  65  7:55  Probe  
  68  8:00  Phoenix  
  70  8:05  Probe  
  70  8:06  Probe  
  70  8:07  Probe  
  70  8:08  Protoss Air Weapons Level 1 (Chrono Boost)  
  73  8:13  Phoenix x2  
  73  8:14  Anion Pulse-Crystals  
  73  8:18  Probe x2  
  73  8:19  Probe  
  80  8:23  Assimilator  
  80  8:27  Assimilator  
  80  8:28  Zealot x5  
  80  8:29  Zealot  
  80  8:32  Probe x3  
  95  8:35  Pylon  
  95  8:39  Phoenix (Chrono Boost)  
  99  8:51  Phoenix (Chrono Boost)  
  99  9:01  Phoenix (Chrono Boost)  
  101  9:07  Phoenix (Chrono Boost)  
  105  9:11  Nexus  
  105  9:12  Phoenix (Chrono Boost), Pylon  
  105  9:15  Pylon  
  106  9:17  Probe x2  
  106  9:21  Phoenix (Chrono Boost)  
  111  9:27  Phoenix (Chrono Boost)  
  111  9:30  Phoenix (Chrono Boost)  
  113  9:38  Phoenix (Chrono Boost)  
  115  9:48  Phoenix  
  115  9:50  Phoenix  
  119  9:56  Phoenix  
  111  10:28  Carrier x2 (Chrono Boost), Zealot x2  
  109  10:29  Zealot x5  
  109  10:33  Carrier (Chrono Boost)  
  129  10:40  Probe x2  
  129  10:41  Probe x2  
  133  10:44  Assimilator  
  133  10:48  Assimilator  
  129  11:19  Zealot x3  
  129  11:20  Zealot x4  
  129  11:25  Carrier  
  149  11:27  Carrier  
  149  11:30  Probe  
  156  11:40  Pylon  
  156  11:42  Pylon  
  156  11:44  Pylon  
  156  11:47  Stargate  
  156  11:50  Stargate  
  156  11:57  Probe x2  
  156  11:58  Carrier  
  160  12:13  Zealot x2  
  160  12:14  Zealot x3  
  160  12:15  Zealot  
  180  12:37  Carrier (Chrono Boost)  
  180  12:38  Carrier (Chrono Boost)  
  126  13:09  Carrier (Chrono Boost), Zealot x5  
  126  13:10  Zealot x2  
  126  13:11  Carrier (Chrono Boost)  
  126  13:12  Carrier (Chrono Boost)  
  144  13:36  Carrier (Chrono Boost)  
  144  13:39  Carrier (Chrono Boost)  
  144  13:44  Zealot x4  
  144  13:47  Zealot  
  154  13:59  Carrier (Chrono Boost)  
  164  14:03  Carrier (Chrono Boost)  
  136  14:43  Carrier (Chrono Boost)  
  130  14:46  Robotics Facility  
  130  14:50  Carrier (Chrono Boost)  
  130  14:51  Carrier (Chrono Boost)  
  130  14:59  Carrier (Chrono Boost)  
  136  15:05  Carrier (Chrono Boost)  
  142  15:21  Protoss Air Armor Level 1 (Chrono Boost)  
  142  15:25  Nexus  
  142  15:35  Carrier (Chrono Boost)  
  154  15:36  Assimilator  
  154  15:38  Carrier x2 (Chrono Boost)  
  154  15:39  Assimilator  
  166  15:51  Observer  
  166  15:52  Carrier (Chrono Boost)  
  166  15:54  Carrier (Chrono Boost)  
  173  16:00  Cybernetics Core  
  173  16:08  Pylon  
  173  16:12  Observer  
  174  16:28  Carrier (Chrono Boost)  
  180  16:34  Observer, Carrier  
  180  16:37  Carrier  
  193  16:49  Carrier  
  157  17:17  Carrier (Chrono Boost)  
  139  17:36  Carrier (Chrono Boost)  
  133  17:42  Zealot x7  
  153  17:46  Carrier (Chrono Boost)  
  153  17:49  Carrier (Chrono Boost)  
  153  17:51  Carrier (Chrono Boost)  
  158  18:03  Observer, Nexus  
  159  18:14  Cybernetics Core  
  165  18:24  Carrier (Chrono Boost)  
  165  18:29  Shield Battery  
  165  18:31  Shield Battery  
  165  18:32  Shield Battery  
  165  18:33  Assimilator  
  165  18:34  Shield Battery  
  165  18:38  Assimilator  
  165  18:39  Carrier (Chrono Boost)  
  165  18:41  Zealot x2  
  167  19:50  Zealot x6  
Show
View Real Time Build Order
Export as new Build Order

ramleren Terran - Winner!

Build Orders: Mech 

Get SALT Encoding   

  12  0:00  SCV  
  13  0:12  SCV  
  14  0:17  Supply Depot  
  14  0:24  SCV  
  15  0:39  SCV  
  15  0:40  Barracks  
  16  0:46  Refinery  
  16  0:51  SCV  
  17  1:03  SCV  
  18  1:15  SCV  
  19  1:27  SCV  
  20  1:38  Reaper  
  22  1:40  Orbital Command  
  22  1:46  Supply Depot  
  21  2:09  SCV  
  21  2:12  Command Center  
  22  2:21  Factory  
  22  2:25  SCV  
  22  2:28  Barracks Tech Lab  
  23  2:37  SCV  
  24  2:49  SCV  
  25  2:58  Refinery  
  24  3:01  SCV  
  25  3:10  Marine  
  26  3:14  SCV  
  26  3:16  Cyclone  
  30  3:23  Orbital Command  
  30  3:26  Refinery, SCV  
  31  3:30  Marine  
  32  3:36  Factory  
  32  3:38  SCV  
  32  3:50  SCV  
  32  3:51  SCV  
  34  4:01  Siege Tank  
  34  4:02  SCV  
  38  4:04  SCV  
  39  4:12  Command Center  
  39  4:18  SCV, Factory  
  39  4:19  SCV  
  39  4:20  Factory Tech Lab  
  41  4:25  Refinery  
  41  4:30  SCV  
  41  4:31  SCV  
  43  4:36  Siege Tank  
  46  4:39  Engineering Bay  
  46  4:51  Supply Depot  
  46  4:54  Supply Depot  
  46  4:58  SCV x2, Siege Tank  
  51  5:08  Siege Tank  
  51  5:09  Missile Turret  
  51  5:13  SCV x2  
  56  5:17  Missile Turret  
  56  5:19  Factory Reactor  
  56  5:25  SCV x2  
  58  5:31  Siege Tank  
  61  5:37  SCV x2  
  61  5:42  Siege Tank  
  66  5:49  SCV x2, Sensor Tower  
  68  5:51  Orbital Command  
  68  6:01  SCV x2  
  68  6:02  Missile Turret  
  68  6:03  Hellion  
  72  6:05  Missile Turret  
  72  6:13  SCV x2, Supply Depot x2  
  74  6:20  SCV, Missile Turret  
  75  6:25  SCV x2  
  75  6:27  Armory  
  75  6:29  Armory  
  77  6:33  SCV, Missile Turret  
  77  6:35  Missile Turret  
  77  6:37  SCV  
  77  6:38  SCV  
  80  6:40  Siege Tank  
  80  6:45  SCV, Infernal Pre-Igniter  
  84  6:48  Siege Tank  
  84  6:49  Hellion  
  84  6:50  SCV x2  
  91  6:57  SCV  
  91  6:59  Missile Turret  
  92  7:02  SCV x2, Missile Turret  
  92  7:07  Refinery, Missile Turret  
  92  7:08  Refinery, Missile Turret  
  94  7:09  SCV  
  94  7:10  Missile Turret  
  94  7:14  SCV x2  
  97  7:18  Terran Vehicle And Ship Armor Level 1, Terran Vehicle Weapons Level 1  
  97  7:21  SCV  
  98  7:25  Supply Depot x2  
  98  7:27  Supply Depot  
  98  7:28  Factory  
  98  7:30  Supply Depot  
  98  7:33  Factory  
  98  7:34  Factory  
  98  7:35  SCV x2  
  98  7:36  SCV  
  101  7:40  Factory  
  101  7:51  Command Center  
  101  7:59  SCV  
  101  8:00  SCV x2  
  101  8:01  Sensor Tower  
  104  8:12  SCV x3  
  107  8:20  Factory Tech Lab x3  
  107  8:24  SCV x3  
  107  8:25  Hi-Sec Auto Tracking  
  107  8:26  Command Center  
  110  8:32  Hellion  
  110  8:36  SCV x3, Missile Turret  
  110  8:38  Thor  
  110  8:39  Missile Turret, Thor  
  125  8:45  Supply Depot  
  125  8:48  SCV x2  
  126  8:49  Supply Depot  
  126  8:50  Thor  
  133  8:56  Refinery  
  133  8:59  Refinery  
  133  9:00  Thor  
  139  9:03  Supply Depot  
  139  9:05  Supply Depot  
  139  9:23  Thor x3  
  157  9:36  Thor  
  163  9:42  Planetary Fortress  
  163  9:51  Missile Turret  
  163  9:52  Missile Turret  
  163  9:55  Thor  
  169  10:02  Orbital Command  
  169  10:03  SCV x3  
  172  10:07  Thor  
  172  10:08  Hellion x2  
  172  10:09  Hellion x2  
  172  10:11  Sensor Tower  
  186  10:15  SCV x3  
  186  10:21  Refinery  
  189  10:22  Siege Tank  
  189  10:23  Hellion  
  189  10:27  SCV x3  
  197  10:29  Refinery  
  197  10:30  Hellion  
  196  10:39  SCV x2  
  196  10:40  SCV  
  196  10:53  Missile Turret  
  196  10:55  Missile Turret  
  196  10:56  Hellion x2, Missile Turret  
  200  10:57  Missile Turret  
  200  11:09  Command Center  
  200  11:10  Terran Vehicle And Ship Armor Level 2, Terran Vehicle Weapons Level 2  
  200  11:21  Hellion  
  200  11:22  Hellion x3  
  192  12:13  Siege Tank  
  192  12:14  Hellion, Siege Tank  
  200  12:19  Missile Turret  
  200  12:20  Missile Turret  
  189  12:32  Hellion, Thor, Siege Tank  
  196  12:40  Hellion x2, Siege Tank  
  154  12:45  Thor  
  154  12:46  Planetary Fortress, Siege Tank  
  149  12:53  Refinery  
  149  12:54  Hellion  
  149  12:55  Refinery  
  151  13:00  Missile Turret  
  151  13:01  Hellion  
  151  13:02  Hellion  
  151  13:04  Thor  
  161  13:10  Missile Turret x2  
  161  13:11  Missile Turret  
  161  13:12  Siege Tank  
  164  13:15  Hellion, Thor  
  164  13:18  Siege Tank  
  164  13:19  Starport  
  175  13:21  Starport  
  175  13:22  Starport, Missile Turret  
  175  13:23  Hellion x2  
  175  13:25  Hellion  
  178  13:28  Thor  
  181  13:37  Hellion  
  162  13:43  Missile Turret  
  162  13:44  Siege Tank  
  162  13:47  Thor  
  159  13:50  Siege Tank  
  159  13:51  Hellion  
  159  13:53  Hellion  
  152  13:58  Hellion, Thor  
  152  14:11  Siege Tank  
  152  14:16  Thor  
  161  14:22  Siege Tank  
  164  14:30  Thor  
  170  14:35  Command Center  
  170  14:36  Hellion  
  172  14:41  Siege Tank  
  172  14:43  Siege Tank  
  176  14:54  Siege Tank  
  176  14:55  Command Center  
  176  14:58  Thor  
  176  14:59  Hellion x2  
  181  15:06  Hellion  
  183  15:13  Thor, Siege Tank  
  192  15:14  Starport Reactor  
  192  15:15  Starport Reactor x2, Siege Tank  
  192  15:20  Hellion x2  
  197  15:26  Siege Tank  
  199  16:06  Missile Turret  
  199  16:10  Missile Turret  
  198  16:15  Missile Turret  
  197  16:22  Viking x3  
  200  16:30  Missile Turret  
  195  16:33  Siege Tank x3  
  141  16:40  Viking  
  198  16:45  Hellion, Siege Tank  
  188  16:49  Viking x2  
  188  16:52  Viking  
  188  16:53  Orbital Command  
  177  17:01  Siege Tank  
  177  17:05  Siege Tank x3  
  186  17:17  Siege Tank  
  186  17:21  Viking x3  
  186  17:22  Viking x2  
  199  17:33  Siege Tank  
  199  17:35  Viking  
  170  17:50  Hellion x3, Thor, Siege Tank  
  170  17:51  Hellion, Viking x3  
  181  17:52  Viking x2  
  186  17:58  SCV x2  
  186  17:59  SCV  
  186  18:05  Viking  
  190  18:22  Refinery  
  190  18:24  Refinery  
  190  18:26  Supply Depot  
  190  18:29  Supply Depot  
  181  18:34  Thor x2  
  181  18:35  Thor  
  197  18:43  Missile Turret  
  197  18:44  Command Center  
  197  18:45  Missile Turret  
  197  18:46  Missile Turret x2  
  177  19:11  Hellion x3  
Tags
 
Add a new tag
Caveats
  • Supply blocks, unpowered buildings, or Contaminate may cause inaccurate times.
  • Supply counts are checked every 10 seconds.